[Event "10th Cesme Open-B 2024"]
[Site "Cesme"]
[Date "2024.06.29"]
[Round "8"]
[White "Yelligedik, Murat"]
[Black "Tezcan, Alper"]
[Result "0-1"]
[ECO "A07"]
[WhiteElo "1984"]
[BlackElo "1936"]
[Annotator "RC"]
[PlyCount "78"]
[EventDate "2024.06.23"]
[EventType "swiss"]
[EventCountry "TUR"]
[SourceTitle "playchess.com"]
[Source "ChessBase"]
[SourceQuality "1"]
[TimeControl "5400+30"]

1. Nf3 d5 2. g3 Nf6 3. Bg2 Bf5 4. d3 h6 5. O-O e6 6. Nbd2 c6 7. Qe1 Be7 8. e4 dxe4 9. dxe4 Bh7 10. Qe2 O-O 11. Rd1 Qb6 12. Nc4 Qa6 13. Nfe5 c5 14. Bf4 b5 15. Nd2 Nc6 16. a4 Nd4 17. Qd3 Rfd8 18. axb5 Qb7 19. c4 g5 20. Kh1 gxf4 21. gxf4 Bf8 22. Rg1 Kh8 23. Rae1 Nxb5 24. Qb3 Rxd2 25. cxb5 Bg7 26. Qg3 Rg8 27. f3 Qe7 28. Qh4 Re8 29. Nc6 Qb7 30. Bf1 Rg8 31. Bc4 Ne8 32. f5 Qd7 33. fxe6 fxe6 34. Qh3 Rf8 35. Bxe6 Qd3 36. Bg4 Nd6 37. Ne7 Nxe4 38. Rxe4 Bxe4 39. fxe4 Qxe4+ 0-1

[Event "10th Cesme Open-B 2024"]
[Site "Cesme"]
[Date "2024.06.29"]
[Round "8"]
[White "Yildiz, Egehan"]
[Black "Yigit, Ahmet Yasir"]
[Result "1-0"]
[ECO "A90"]
[WhiteElo "1984"]
[BlackElo "1964"]
[Annotator "NA RC"]
[PlyCount "121"]
[EventDate "2024.06.23"]
[EventType "swiss"]
[EventCountry "TUR"]
[SourceTitle "playchess.com"]
[Source "ChessBase"]
[SourceQuality "1"]
[TimeControl "5400+30"]

1. d4 d5 2. c4 e6 3. Nf3 c6 4. Qc2 Nf6 5. g3 Ne4 6. Bg2 Bd6 7. O-O O-O 8. Bf4 Bxf4 9. gxf4 Nd7 10. Nbd2 f5 11. e3 Ndf6 12. Ne5 Bd7 13. Nxe4 fxe4 14. f3 exf3 15. Rxf3 Be8 16. Rh3 Bh5 17. c5 Qe8 18. Bf1 g6 19. Bd3 Ng4 20. Nxg4 Bxg4 21. Rg3 Bf5 22. h4 Qe7 23. h5 Qh4 24. Rg5 Kf7 25. Bxf5 gxf5 26. Qh2 Qxh2+ 27. Kxh2 Rg8 28. Rag1 Rxg5 29. fxg5 e5 30. Rf1 Ke6 31. Kg3 Rg8 32. Kh4 Rh8 33. Rg1 Rg8 34. Rf1 Rh8 35. dxe5 Kxe5 36. Rf4 Re8 37. Ra4 a6 38. Rb4 Re7 39. Rf4 Ke6 40. h6 Kf7 41. Rxf5+ Kg8 42. Rf6 Rxe3 43. Rd6 Re7 44. Rd8+ Kf7 45. Kh5 a5 46. a4 Rc7 47. Rh8 Ke6 48. Rxh7 Rxh7 49. g6 Rh8 50. g7 Rg8 51. Kg6 d4 52. h7 Rxg7+ 53. Kxg7 Kd5 54. h8=Q Kxc5 55. Qd8 Kc4 56. Qxa5 b5 57. axb5 cxb5 58. Qd2 b4 59. Kf6 d3 60. Ke5 Kb3 61. Kd4 1-0

[Event "10th Cesme Open-B 2024"]
[Site "Cesme"]
[Date "2024.06.29"]
[Round "8"]
[White "Dogan, Umut Anil"]
[Black "Atis, Hasan"]
[Result "0-1"]
[ECO "E01"]
[WhiteElo "1982"]
[BlackElo "1988"]
[Annotator "RC"]
[PlyCount "116"]
[EventDate "2024.06.23"]
[EventType "swiss"]
[EventCountry "TUR"]
[SourceTitle "playchess.com"]
[Source "ChessBase"]
[SourceQuality "1"]
[TimeControl "5400+30"]

1. Nf3 d5 2. d4 Nf6 3. g3 e6 4. Bg2 Bd6 5. O-O O-O 6. c4 c6 7. Nc3 Nbd7 8. Qc2 Re8 9. Rd1 Bb4 10. Bg5 h6 11. Bxf6 Qxf6 12. e4 dxc4 13. e5 Qf5 14. Qe2 Nb6 15. Ne4 Qh5 16. h3 Be7 17. Nc5 Rd8 18. Rac1 a5 19. a4 Ra7 20. Qe4 Qf5 21. Nd2 Qxe4 22. Ndxe4 Bd7 23. f4 Nd5 24. Kf2 b5 25. Rd2 Be8 26. h4 Nb4 27. Ke3 Na6 28. Rcd1 Nc7 29. Rc1 Nd5+ 30. Kf3 Rb8 31. Bh3 Raa8 32. g4 Nc7 33. g5 h5 34. g6 fxg6 35. Nxe6 Nxe6 36. Bxe6+ Bf7 37. d5 cxd5 38. Bxd5 Bxd5 39. Rxd5 bxa4 40. Rd7 Rb3+ 41. Ke2 Rxb2+ 42. Ke3 Rb3+ 43. Ke2 Bf8 44. Nd2 Rb2 45. Rxc4 a3 46. Kd3 a2 47. Ra4 Bb4 48. Nc4 Rb3+ 49. Ke4 Rc8 50. Nxa5 Ra3 51. Rxa3 Bxa3 52. Nb3 Rc3 53. Na1 Rc1 54. Nb3 Rb1 55. Rd2 Rxb3 56. Rxa2 Kf7 57. Kd5 Be7 58. Ra7 Ra3 0-1

[Event "10th Cesme Open-B 2024"]
[Site "Cesme"]
[Date "2024.06.29"]
[Round "8"]
[White "Turgut, Hakan"]
[Black "Yildiz, Talat"]
[Result "1-0"]
[ECO "D53"]
[WhiteElo "1979"]
[BlackElo "1891"]
[Annotator "RC"]
[PlyCount "121"]
[EventDate "2024.06.23"]
[EventType "swiss"]
[EventCountry "TUR"]
[SourceTitle "playchess.com"]
[Source "ChessBase"]
[SourceQuality "1"]
[TimeControl "5400+30"]

1. Nf3 Nf6 2. c4 c6 3. d4 d5 4. Nc3 e6 5. Bg5 Nbd7 6. e3 Be7 7. Bd3 dxc4 8. Bxc4 b5 9. Be2 Bb7 10. O-O a6 11. Qb3 c5 12. Rfd1 c4 13. Qc2 Rc8 14. a3 O-O 15. e4 h6 16. Bh4 Nb6 17. h3 Nh5 18. Bxe7 Qxe7 19. Qd2 Nf6 20. Qf4 Rfd8 21. g4 Nh7 22. h4 Nf8 23. g5 Ng6 24. Qg3 hxg5 25. Nxg5 Qf6 26. Bh5 Rf8 27. Ne2 Na4 28. Rd2 Ne7 29. f4 Qh6 30. Bg4 f5 31. exf5 Nxf5 32. Qh3 Bd5 33. h5 Qf6 34. Nc3 Nxc3 35. bxc3 a5 36. Rb1 Rb8 37. Rdb2 b4 38. axb4 axb4 39. Rxb4 Rxb4 40. Rxb4 Nxd4 41. Qg3 Nf5 42. Qe1 Qe7 43. Kh2 Qa7 44. Rb2 Ne3 45. Bh3 Rxf4 46. Qb1 Ng4+ 47. Bxg4 Rf2+ 48. Kg3 Qe3+ 49. Kh4 Rxb2 50. Qxb2 Qe1+ 51. Kh3 Qf1+ 52. Kg3 Qg1+ 53. Kf4 Qf1+ 54. Bf3 e5+ 55. Kxe5 Qe1+ 56. Kxd5 Qg3 57. Qg2 Qf4 58. Qg4 Qd2+ 59. Kxc4 Qa2+ 60. Kb5 Qb1+ 61. Kc5 1-0

[Event "10th Cesme Open-B 2024"]
[Site "Cesme"]
[Date "2024.06.29"]
[Round "8"]
[White "Dirikolu, Deniz"]
[Black "Aydin, Ahmet Turker"]
[Result "1/2-1/2"]
[ECO "C15"]
[WhiteElo "1978"]
[BlackElo "1722"]
[Annotator "RC"]
[PlyCount "202"]
[EventDate "2024.06.23"]
[EventType "swiss"]
[EventCountry "TUR"]
[SourceTitle "playchess.com"]
[Source "ChessBase"]
[SourceQuality "1"]
[TimeControl "5400+30"]

1. e4 e6 2. d4 d5 3. Nc3 Bb4 4. Nge2 dxe4 5. a3 Bxc3+ 6. Nxc3 Nc6 7. d5 exd5 8. Qxd5 Be6 9. Qxe4 Nf6 10. Be3 Qe7 11. Qh4 O-O-O 12. Be2 Nd5 13. Qxe7 Ndxe7 14. Rd1 Bf5 15. Rd2 Rxd2 16. Kxd2 Rd8+ 17. Kc1 Nd4 18. Bd1 Nec6 19. Re1 f6 20. Ne2 g5 21. Ng3 Bg6 22. c3 Nb5 23. f4 gxf4 24. Bxf4 Nd6 25. Re6 Nc4 26. Rxf6 Kb8 27. Bc2 Ne7 28. Re6 Nd5 29. Bg5 Rf8 30. Bxg6 hxg6 31. Bh6 Rh8 32. Bg7 Rg8 33. Rxg6 a5 34. h4 Nf4 35. Rg4 Ne5 36. Rg5 Nf7 37. Rf5 Rxg7 38. Rxf4 Rxg3 39. Rxf7 Rxg2 40. Rf4 Rh2 41. Kb1 b6 42. Ka2 Kb7 43. Kb3 Ka6 44. c4 Kb7 45. Kc3 Kc6 46. Rf6+ Kb7 47. Rh6 Kb8 48. Rh8+ Kb7 49. h5 Rh4 50. h6 Ka7 51. a4 Kb7 52. Kd3 Kc6 53. b3 Kc5 54. Rh7 Kb4 55. Rxc7 Rxh6 56. Rb7 Kc5 57. Kc3 Rh3+ 58. Kb2 Rh6 59. Ka3 Kc6 60. Rg7 Kc5 61. Rg8 Kc6 62. Rd8 Kc7 63. Rd3 Kc6 64. b4 axb4+ 65. Kxb4 Rh4 66. Rg3 Rh6 67. Rg5 Rf6 68. a5 bxa5+ 69. Rxa5 Rf1 70. Ra6+ Kb7 71. Rh6 Rf5 72. Rd6 Kc7 73. Rg6 Kb7 74. Rg8 Rh5 75. Re8 Rg5 76. Re4 Rh5 77. Rf4 Rg5 78. Kc3 Kc6 79. Kd4 Rg6 80. Kc3 Rg5 81. Rf8 Kb7 82. Rf6 Kc7 83. Kd4 Rh5 84. Kc3 Kb7 85. Kb4 Kc7 86. Rf4 Kb7 87. Rf1 Kc7 88. Rd1 Kc6 89. Ra1 Rg5 90. Ra6+ Kb7 91. Rh6 Rf5 92. Kc3 Rg5 93. Re6 Kc7 94. Kd4 Rh5 95. Re4 Kc6 96. Rg4 Rh6 97. c5 Rf6 98. Kc4 Rh6 99. Kb4 Rf6 100. Rc4 Rh6 101. Rf4 Rg6 1/2-1/2

[Event "10th Cesme Open-B 2024"]
[Site "Cesme"]
[Date "2024.06.29"]
[Round "8"]
[White "Turan, Asim"]
[Black "Gedik, Kerem Bilge"]
[Result "0-1"]
[ECO "E83"]
[WhiteElo "1970"]
[BlackElo "1857"]
[Annotator "RC"]
[PlyCount "92"]
[EventDate "2024.06.23"]
[EventType "swiss"]
[EventCountry "TUR"]
[SourceTitle "playchess.com"]
[Source "ChessBase"]
[SourceQuality "1"]
[TimeControl "5400+30"]

1. d4 Nf6 2. c4 g6 3. f3 Bg7 4. e4 d6 5. Ne2 O-O 6. Be3 Nc6 7. Nbc3 a6 8. d5 Ne5 9. Nc1 e6 10. a4 exd5 11. cxd5 c6 12. dxc6 bxc6 13. Be2 Re8 14. a5 Rb8 15. Bb6 Rxb6 16. axb6 Qxb6 17. Na4 Qc7 18. O-O d5 19. f4 Nxe4 20. fxe5 Bxe5 21. Ra3 Bxh2+ 22. Kh1 Ng3+ 23. Rxg3 Bxg3 24. Qb3 Re4 25. Rf3 Be5 26. g3 Qd7 27. Rf2 Qh3+ 28. Rh2 Qxg3 29. Qxg3 Bxg3 30. Nc5 Rf4 31. Rg2 Rh4+ 32. Kg1 Bf4 33. N1d3 Be3+ 34. Rf2 Bxf2+ 35. Kxf2 Rh2+ 36. Ke3 h5 37. Ne5 d4+ 38. Kd2 Bg4 39. Nxg4 hxg4 40. Ne4 f5 41. Ng5 f4 42. Ke1 f3 43. Bc4+ Kg7 44. b3 Kf6 45. Ne4+ Ke5 46. Nc5 g3 0-1

[Event "10th Cesme Open-B 2024"]
[Site "Cesme"]
[Date "2024.06.29"]
[Round "8"]
[White "Ilgaz, Yusuf Kerem"]
[Black "Buyuk, Eymen Eren"]
[Result "1/2-1/2"]
[ECO "C18"]
[WhiteElo "1966"]
[BlackElo "1894"]
[Annotator "RC"]
[PlyCount "122"]
[EventDate "2024.06.23"]
[EventType "swiss"]
[EventCountry "TUR"]
[SourceTitle "playchess.com"]
[Source "ChessBase"]
[SourceQuality "1"]
[TimeControl "5400+30"]

1. e4 e6 2. d4 d5 3. Nc3 Bb4 4. e5 c5 5. a3 Bxc3+ 6. bxc3 Qa5 7. Bd2 Qa4 8. Qg4 g6 9. h4 Qxc2 10. h5 Ne7 11. Nf3 Nbc6 12. dxc5 Bd7 13. Rc1 gxh5 14. Rxh5 Qa2 15. Qg7 Rg8 16. Qxh7 O-O-O 17. Qb1 Qxa3 18. Qa1 Qxa1 19. Rxa1 Rh8 20. Rxh8 Rxh8 21. Bf4 Rh1 22. Kd2 Ng6 23. Bg3 Nce7 24. Re1 Nf5 25. Bh2 Ngh4 26. Nxh4 Nxh4 27. Bg3 Nf5 28. Bf4 d4 29. cxd4 Nxd4 30. Bc4 Rxe1 31. Kxe1 Kc7 32. Kd2 Bc6 33. Kd3 Nf5 34. g4 Nh4 35. Bg3 Nf3 36. Bf4 a5 37. Kc3 Be4 38. Bb5 Bc6 39. Be2 Ng1 40. Bd3 Bf3 41. g5 Kc6 42. Be3 Kd5 43. g6 fxg6 44. Bxg6 Kxe5 45. Bd3 Kf6 46. Kc4 Bc6 47. Bd2 a4 48. Be3 Nf3 49. Kb4 Ne1 50. Bh7 e5 51. Bb1 e4 52. Bd2 Nf3 53. Bc3+ Ke6 54. Bc2 Kd5 55. Bb1 Ke6 56. Bc2 Ne5 57. Bxe5 Kxe5 58. Bxa4 Kd4 59. Bb5 Kd5 60. Bc4+ Ke5 61. Kc3 b6 1/2-1/2

[Event "10th Cesme Open-B 2024"]
[Site "Cesme"]
[Date "2024.06.29"]
[Round "8"]
[White "Uzdemir, Ali Poyraz"]
[Black "Gonullu, Muhammed Sinan"]
[Result "0-1"]
[ECO "B06"]
[WhiteElo "1936"]
[BlackElo "1922"]
[Annotator "RC"]
[PlyCount "130"]
[EventDate "2024.06.23"]
[EventType "swiss"]
[EventCountry "TUR"]
[SourceTitle "playchess.com"]
[Source "ChessBase"]
[SourceQuality "1"]
[TimeControl "5400+30"]

1. e4 g6 2. d4 Bg7 3. Nf3 c6 4. Bd3 d5 5. e5 c5 6. c3 Nc6 7. h3 cxd4 8. cxd4 Nh6 9. Nc3 O-O 10. O-O Nf5 11. Bc2 b6 12. Bf4 Bh6 13. Qd2 Kg7 14. Rac1 Na5 15. b3 Bxf4 16. Qxf4 Nh6 17. Rfe1 Be6 18. Ne2 Bf5 19. Ng3 e6 20. Bxf5 exf5 21. e6 Qf6 22. Ng5 Rae8 23. Re3 Re7 24. h4 Ng4 25. Rec3 h6 26. Nxf7 Rxe6 27. Ne5 Qxh4 28. Rc7+ Kg8 29. Nxg4 fxg4 30. Rc8 Ref6 31. Qe5 Qg5 32. Qxg5 hxg5 33. Rxf8+ Kxf8 34. Rc8+ Ke7 35. Nf1 Rc6 36. Ra8 Rc1 37. Rxa7+ Kd8 38. Ra8+ Kc7 39. Rg8 Nc6 40. Rg7+ Kc8 41. Rxg6 Nxd4 42. g3 Nf3+ 43. Kg2 Kc7 44. Rh6 d4 45. b4 d3 46. Rh1 d2 47. Nxd2 Rxh1 48. Nxf3 Ra1 49. Nxg5 Rxa2 50. Nh7 Rc2 51. Nf6 Rc4 52. b5 Kd6 53. Kf1 Ke6 54. Nh5 Rc5 55. Nf4+ Kf5 56. Ne2 Ke5 57. Nf4 Rxb5 58. Ke2 Rb2+ 59. Ke3 Rb3+ 60. Nd3+ Kd5 61. Kd2 Kd4 62. Ne1 Rb2+ 63. Nc2+ Ke4 64. Kc3 Rxc2+ 65. Kxc2 Kf3 0-1

[Event "10th Cesme Open-B 2024"]
[Site "Cesme"]
[Date "2024.06.29"]
[Round "8"]
[White "Hasirci, Ozgur Deniz"]
[Black "Rzayev, Askar Aliakbar"]
[Result "1-0"]
[ECO "B27"]
[WhiteElo "1903"]
[BlackElo "1967"]
[Annotator "RC"]
[PlyCount "127"]
[EventDate "2024.06.23"]
[EventType "swiss"]
[EventCountry "TUR"]
[SourceTitle "playchess.com"]
[Source "ChessBase"]
[SourceQuality "1"]
[TimeControl "5400+30"]

1. e4 c5 2. Nf3 g6 3. d4 cxd4 4. Qxd4 Nf6 5. e5 Nc6 6. Qh4 Nxe5 7. Nxe5 Qa5+ 8. Nc3 Qxe5+ 9. Be3 Bg7 10. O-O-O O-O 11. Bc4 d6 12. Bg5 Be6 13. Rhe1 Qf5 14. Bxe6 fxe6 15. Rd3 e5 16. Rf3 Qe6 17. Rh3 Rf7 18. f4 Rc8 19. fxe5 dxe5 20. Bxf6 Bxf6 21. Qe4 Bg5+ 22. Kb1 Bd2 23. Rd1 Bxc3 24. Rxc3 Rxc3 25. bxc3 Qb6+ 26. Kc1 Qc7 27. c4 e6 28. Re1 Rf5 29. g3 Qa5 30. Kb2 Qb4+ 31. Ka1 Qd2 32. Kb1 Rf2 33. Rc1 Qb4+ 34. Ka1 Qc3+ 35. Kb1 Rf7 36. Re1 Rd7 37. Rf1 Rd6 38. c5 Rd4 39. Qf3 Qxf3 40. Rxf3 Rc4 41. Rb3 Rxc5 42. Rxb7 a5 43. Re7 h5 44. Kc1 Kf8 45. Rxe6 Kf7 46. Rd6 Rb5 47. c3 e4 48. Rd4 Re5 49. Kd2 Ke6 50. Ke3 Kf5 51. h3 g5 52. c4 a4 53. Rd8 Re7 54. Rd5+ Kg6 55. Ra5 Rd7 56. Kxe4 Rd2 57. Rxa4 Re2+ 58. Kd5 Re3 59. c5 Rxg3 60. c6 Rd3+ 61. Kc5 Rd8 62. c7 Rf8 63. Kc6 Kf5 64. Kb7 1-0

[Event "10th Cesme Open-B 2024"]
[Site "Cesme"]
[Date "2024.06.29"]
[Round "8"]
[White "Yildiz, Elif Zeren"]
[Black "Yilmaz, Kerem Tuna"]
[Result "1-0"]
[ECO "C50"]
[WhiteElo "1879"]
[BlackElo "1962"]
[Annotator "NA RC"]
[PlyCount "121"]
[EventDate "2024.06.23"]
[EventType "swiss"]
[EventCountry "TUR"]
[SourceTitle "playchess.com"]
[Source "ChessBase"]
[SourceQuality "1"]
[TimeControl "5400+30"]

1. e4 e5 2. Nf3 Nc6 3. Bc4 Bc5 4. O-O Nf6 5. d4 Bxd4 6. Nxd4 Nxd4 7. f4 d6 8. fxe5 dxe5 9. Bg5 Qe7 10. Na3 Ne6 11. Bxf6 gxf6 12. Qf3 Nf4 13. Kh1 Bd7 14. g3 Nh3 15. Qxf6 Qxf6 16. Rxf6 Ng5 17. Bd3 Ke7 18. Raf1 Bh3 19. R1f2 Rad8 20. Rh6 Rd6 21. Rh4 Rhd8 22. Nc4 Rxd3 23. cxd3 Rxd3 24. Rd2 Bf1 25. Rxd3 Bxd3 26. Nd2 f5 27. Kg2 fxe4 28. Kf2 Kf6 29. Ke3 Kg6 30. g4 c5 31. Rh5 c4 32. h4 Nf7 33. Nxe4 b5 34. Nc5 Bb1 35. a3 a5 36. Nd7 Nd6 37. Rxe5 Kf7 38. Kd4 b4 39. Rxa5 c3 40. Ne5+ Kg7 41. bxc3 b3 42. Ra6 Nb5+ 43. Ke3 Nxc3 44. Nc4 Bc2 45. Nb2 Nd5+ 46. Kd4 Nf4 47. a4 Ne2+ 48. Ke3 Nc3 49. Rc6 Nd1+ 50. Nxd1 Bxd1 51. Kf4 b2 52. Rb6 Bxa4 53. Rxb2 Bd1 54. Rb7+ Kh8 55. Kg5 Bf3 56. Rc7 Bd5 57. Kf6 Bg8 58. g5 Ba2 59. h5 h6 60. g6 Bb3 61. Rh7+ 1-0

[Event "10th Cesme Open-B 2024"]
[Site "Cesme"]
[Date "2024.06.29"]
[Round "8"]
[White "Akkaya, Atakan"]
[Black "Korkmaz, Necmettin"]
[Result "1/2-1/2"]
[ECO "B51"]
[WhiteElo "1780"]
[BlackElo "1999"]
[Annotator "RC"]
[PlyCount "25"]
[EventDate "2024.06.23"]
[EventType "swiss"]
[EventCountry "TUR"]
[SourceTitle "playchess.com"]
[Source "ChessBase"]
[SourceQuality "1"]
[TimeControl "5400+30"]

1. e4 c5 2. Nf3 d6 3. Bb5+ Nd7 4. O-O Ngf6 5. Re1 g6 6. c3 a6 7. Bf1 e5 8. d4 Bg7 9. dxe5 dxe5 10. Qd6 Bf8 11. Qd1 Bg7 12. Qd6 Bf8 13. Qd1 1/2-1/2

[Event "10th Cesme Open-B 2024"]
[Site "Cesme"]
[Date "2024.06.29"]
[Round "8"]
[White "Tatlioglu, Ege"]
[Black "Kocakaplan, Emre"]
[Result "0-1"]
[ECO "D00"]
[WhiteElo "1632"]
[BlackElo "1944"]
[Annotator "RC"]
[PlyCount "188"]
[EventDate "2024.06.23"]
[EventType "swiss"]
[EventCountry "TUR"]
[SourceTitle "playchess.com"]
[Source "ChessBase"]
[SourceQuality "1"]
[TimeControl "5400+30"]

1. d4 Nf6 2. Bg5 d5 3. e3 Nbd7 4. Nd2 h6 5. Bh4 e5 6. Ngf3 e4 7. Ne5 Bd6 8. Nxd7 Bxd7 9. c4 c6 10. a3 O-O 11. Be2 Re8 12. Rc1 a5 13. Nb1 dxc4 14. Bxc4 Bf5 15. Qb3 Qe7 16. Nd2 a4 17. Qc2 Bc7 18. Be2 Qe6 19. Bc4 Nd5 20. O-O Ba5 21. Bg3 h5 22. b4 Bd8 23. h4 Qg6 24. Rfe1 Nc7 25. Ba2 Nb5 26. Nc4 Be6 27. Ne5 Qf5 28. Qb2 Bc7 29. Rc5 Bxa2 30. Qxa2 Bxe5 31. Bxe5 Qe6 32. d5 Qxe5 33. dxc6 Nc3 34. Rxe5 Nxa2 35. cxb7 Rab8 36. Rxe8+ Rxe8 37. Ra1 Nc3 38. Kf1 Nb5 39. Rc1 Nd6 40. Rc6 Nxb7 41. Ra6 Rc8 42. Rxa4 g6 43. Ra6 Kf8 44. Rb6 Nd8 45. a4 Ke7 46. a5 Kd7 47. b5 Rc1+ 48. Ke2 Ra1 49. a6 Ra5 50. Rb8 Kc7 51. Ra8 Rxb5 52. a7 Ra5 53. f3 Ra2+ 54. Kf1 exf3 55. gxf3 Kd7 56. e4 Ke7 57. f4 Nc6 58. Rc8 Nxa7 59. Rc7+ Kf6 60. e5+ Ke6 61. Rb7 Nc6 62. Rc7 Rc2 63. Rc8 Nd4 64. Re8+ Kd7 65. Ra8 Ne6 66. Ra4 Rh2 67. Ra7+ Ke8 68. Ra8+ Ke7 69. Ra7+ Kf8 70. f5 gxf5 71. Ra4 f4 72. Kg1 Rxh4 73. Kf2 Rh3 74. Ra8+ Kg7 75. Ra1 Re3 76. Rg1+ Kh6 77. Rg8 Rxe5 78. Kf3 Re3+ 79. Kf2 h4 80. Rh8+ Kg5 81. Rh7 f6 82. Rh8 Kg4 83. Rh6 Ng5 84. Kf1 f5 85. Rg6 h3 86. Kg1 Re2 87. Rh6 Kg3 88. Kf1 Rf2+ 89. Ke1 Nf3+ 90. Kd1 h2 91. Rg6+ Kh4 92. Rh6+ Kg5 93. Rh3 Rf1+ 94. Ke2 h1=Q 0-1